 Dungeon Crawl Stone Soup version 0.31-a0-948-gf5be29c462 (webtiles) character file.

Game seed: 14147455003388713895

271 Morbidden the Conjurer (level 6, 44/44 HPs)
             Began as a Demonspawn Conjurer on Oct 21, 2023.
             Quit the game on level 3 of the Dungeon.
             The game lasted 00:03:58 (3151 turns).

Morbidden the Conjurer (Demonspawn Conjurer)        Turns: 3151, Time: 00:03:59

Health: 44/44      AC:  7    Str:  7    XL:     6   Next: 2%
Magic:  10/10      EV:  9    Int: 18    God:
Gold:   196        SH:  8    Dex: 12    Spells: 8/11 levels left

rFire   . . .        a - +0 dagger (venom)
rCold   + . .        h - +0 buckler
rNeg    . . .        q - +0 ring mail
rPois   +            (helmet restricted)
rElec   .            g - +0 cloak
rCorr   .            (no gloves)
SInv    .            n - +0 pair of boots "Naodig" {rPois rC+ Int-3 Slay+4}
Will    .....        (no amulet)
Stlth   +            (no ring)
HPRegen 0.27/turn    (no ring)
MPRegen 0.12/turn

%: no passive effects
@: no status effects
A: antennae 1, large bone plates 1, powered by death 1
a: no special abilities


You were on level 3 of the Dungeon.
You visited 1 branch of the dungeon, and saw 3 of its levels.

You collected 196 gold pieces.

Inventory:

Hand Weapons
 a - a +0 dagger of venom (weapon)
Armour
 g - a +0 cloak (worn)
 h - a +0 buckler (worn)
 n - the +0 pair of boots "Naodig" (worn) {rPois rC+ Int-3 Slay+4}
   (You found it on level 2 of the Dungeon)

   Int-3:     It affects your intelligence (-3).
   Slay+4:    It affects your accuracy & damage with ranged weapons and melee
   (+4).
   rC+:       It protects you from cold.
   rPois:     It protects you from poison
 p - a +0 helmet
 q - a +0 ring mail (worn)
Scrolls
 c - a scroll of silence {unknown}
 d - 6 scrolls of identify {unknown}
 f - a scroll of noise {unknown}
 j - a scroll of teleportation {unknown}
Potions
 b - a potion of magic
 e - a potion of heal wounds {unknown}
 i - a potion of might {unknown}
 k - a potion of haste {unknown}
 l - a potion of attraction {unknown}
 m - a potion of ambrosia {unknown}
 o - a potion of curing {unknown}


   Skills:
 * Level 2.1 Fighting
 + Level 0.4 Short Blades
 * Level 2.5 Dodging
 + Level 2.0 Stealth
 * Level 1.2 Shields
 * Level 3.1 Spellcasting
 * Level 5.4 Conjurations


You had 8 spell levels left.
You knew the following spells:

 Your Spells              Type           Power      Damage    Failure   Level
a - Magic Dart            Conj           88%        1d7       11%         1
b - Searing Ray           Conj           44%        2d6       16%         2

Your spell library contained the following spells:

 Spells                   Type           Power      Damage    Failure   Level
 Shock                    Conj/Air       48%        1d6       30%         1
 Dazzling Flash           Conj/Hex       24%        N/A       67%         3
 Swiftness                Air            2%         N/A       96%         3
 Fulminant Prism          Conj/Hex       6%         3d7       97%         4
 Iskenderun's Mystic Bla  Conj/Tloc      12%        2d5       97%         4
 Airstrike                Air            1%         2d(1-17)  100%        4


Dungeon Overview and Level Annotations

Branches:
Dungeon (3/15)

Altars:
Gozag
Makhleb
Wu Jian
Xom

Shops:
D:1 :   D:2 (

Annotations:
D:2 1 runed translucent door, Crazy Yiuf


Innate Abilities, Weirdness & Mutations

You have a pair of small antennae on your head.
You are partially covered in large bone plates. (SH +4)
You regenerate a little health from kills.


Message History

Unknown command.
Are you sure you want to abandon this character and quit the game? (Confirm with "yes".)
Okay, then.
Magic restored.
HP restored.
Found a stone staircase leading up.
You see here a +0 club.
Unknown command.
You now have enough gold to buy a translucent falchion on D:2.
You can access your shopping list by pressing '$'.
You now have 196 gold pieces (gained 10).
No target in view!
As you open the door, it creaks loudly!
Found a shimmering altar of Xom.
No target in view!
Unknown command.
There is an open door here.
Found an opulent altar of Gozag and a burning altar of Makhleb.
No target in view!
Unknown command.
Found three altars.
No target in view!
There is an open door here.
There is a stone staircase leading up here.
You open the door.
There is an open door here.
You open the door.
There is an open door here.
You open the door.
Found a ring mail.
No target in view!
There is an open door here.
Key pressed, stopping explore.
No target in view!
There is an open door here.
A rat comes into view.
Found a scroll labelled DYTIUX GUEHOIW.
You block the rat's attack.
You see here a scroll labelled DYTIUX GUEHOIW.
Are you sure you want to abandon this character and quit the game? (Confirm with "yes".)

.. .# #. #.# #. #.#
#. #.# #. #.# #.
#.#
######r###.#######
.......@..........
######.###.########
####...#.#....[.#
.........'........
.......#.#......##
########.#......# #
## ##.######## ..
.. ..#.# ... .##
#.#.# ##### ####


You could see a rat.

Vanquished Creatures
  Sigmund (D:3)
  Robin (D:2)
  An adder (D:2)
  3 gnolls (D:3)
  A worm (D:3)
  3 dart slugs
  2 endoplasms
  4 giant cockroaches
  12 goblins
  4 hobgoblins
  4 jackals (D:1)
  3 kobolds
  A quokka (D:1)
  4 ball pythons
  4 bats
  3 frilled lizards
  7 rats
58 creatures vanquished.

Notes
Turn   | Place    | Note
-------+----------+-------------------------------------------
     0 | D:1      | Morbidden the Demonspawn Conjurer began the quest for the
                  | Orb.
     0 | D:1      | Reached XP level 1. HP: 13/13 MP: 3/3
    10 | D:1      | Found Ythiw's Book Shop.
   319 | D:1      | Found a faded altar of an unknown god.
   471 | D:1      | Gained mutation: You regenerate a little health from kills.
                  | [demonic ancestry]
   471 | D:1      | Reached XP level 2. HP: 20/20 MP: 3/5
   501 | D:1      | Learned a level 2 spell: Searing Ray
  1486 | D:2      | Found Wiyhiutz's Antique Weapon Shoppe.
  1491 | D:2      | Reached XP level 3. HP: 25/25 MP: 1/6
  1608 | D:2      | Identified the +0 pair of boots "Naodig" {rPois rC+ Int-3
                  | Slay+4}
  1669 | D:2      | Found a runed translucent door.
  1670 | D:2      | Noticed Crazy Yiuf
  2066 | D:2      | Noticed Robin
  2073 | D:2      | Killed Robin
  2231 | D:2      | Reached skill level 1 in Fighting
  2231 | D:2      | Reached XP level 4. HP: 30/32 MP: 1/7
  2831 | D:3      | Noticed Sigmund
  3030 | D:3      | Killed Sigmund
  3031 | D:3      | Reached skill level 1 in Shields
  3031 | D:3      | Reached skill level 5 in Conjurations
  3031 | D:3      | Gained mutation: You are partially covered in large bone
                  | plates. (SH +4) [demonic ancestry]
  3031 | D:3      | Reached XP level 5. HP: 26/38 MP: 7/9
  3031 | D:3      | Gained mutation: You have a pair of small antennae on your
                  | head. [demonic ancestry]
  3031 | D:3      | Reached XP level 6. HP: 30/44 MP: 7/10
  3109 | D:3      | Found a shimmering altar of Xom.
  3111 | D:3      | Found an opulent altar of Gozag.
  3111 | D:3      | Found a burning altar of Makhleb.
  3113 | D:3      | Found an ornate altar of the Wu Jian Council.
  3113 | D:3      | Found a burning altar of Makhleb.
  3151 | D:3      | Quit the game

Illustrated notes

Levels and vault maps discovered:
D:1:      eino_arrival_water_cross, layout_loops_corners, serial_shops, shop,
          hellmonk_ecumenical_altar_defaced_shrine, minmay_misc_feat_tower,
          wander_ebering_terrifying_dragon_lair
D:2:      layout_loops_cross, serial_shops, shop, chequers_serial_rivers_marsh,
          uniq_crazy_yiuf_cottage, uniq_robin
D:3:      layout_basic, lemuel_tele_altar, doesnt_xom_only_xom,
          serial_bayou_ford_a, minmay_pentangle, uniq_sigmund

Skill      XL: |  1  2  3  4 |
---------------+-------------+-----
Dodging        | 2 |  2.5
Fighting       | 1 2 |  2.1
Stealth        | 2 |  2.0
Shields        | 1 |  1.2
Spellcasting   | 3 |  3.1
Conjurations   | 5 |  5.4
Short Blades   | |  0.4

Action                     |  1- 3 |  4- 6 || total
---------------------------+-------+-------++-------
  Melee: Unarmed           |     4 |       ||     4
         Dagger            |    33 |    18 ||    51
         Punch             |     1 |       ||     1
   Cast: Magic Dart        |    70 |    12 ||    82
         Searing Ray       |     3 |     2 ||     5
 Armour: Robe              |    38 |     2 ||    40
         Ring mail         |       |    11 ||    11
  Dodge: Dodged            |    19 |     5 ||    24
  Block: Buckler           |     2 |     3 ||     5

Table legend: (Time is in decaauts)
 A = Elapsed time spent in this place.
 B = Non-inter-level travel time spent in this place.
 C = Inter-level travel time spent in this place.
 D = Time resting spent in this place.
 E = Time spent auto-exploring this place.
 F = Levels seen in this place.
 G = Mean time per level.
                   A        B        C        D        E       F      G
               +--------+--------+--------+--------+--------+-----+--------+
         Total |   3153 |   2988 |    165 |    327 |   2241 |   3 | 1051.0 |
       Dungeon |   3153 |   2988 |    165 |    327 |   2241 |   3 | 1051.0 |
               +--------+--------+--------+--------+--------+-----+--------+

Top non-repeatable levels by time:
     D:1: 1485 daAuts
     D:2: 1363 daAuts
     D:3: 304 daAuts
